 Dungeon Crawl Stone Soup version 0.28.0-43-g3370ac3207 (webtiles) character file.

Game seed: 1274581767766204129

51 Jerry the Chucker (level 3, 35/35 HPs)
             Began as a Troll Hunter on Mar 9, 2022.
             Was a High Priest of Ignis.
             Quit the game on level 2 of the Dungeon.
             The game lasted 00:03:13 (1007 turns).

Jerry the Chucker (Troll Hunter)                    Turns: 1007, Time: 00:03:13

Health: 35/35      AC:  4    Str: 22    XL:     3   Next: 57%
Magic:  2/2        EV: 10    Int:  7    God:    Ignis [*****.]
Gold:   115        SH:  0    Dex: 10    Spells: 2/2 levels left

rFire   + . .      SeeInvis .   f - +1 short sword (protect)
rCold   . . .      Faith    .   (no shield)
rNeg    . . .      Spirit   .   b - +0 robe
rPois   .          Reflect  .   (helmet restricted)
rElec   .          Harm     .   (no cloak)
rCorr   .          Rampage  .   (gloves unavailable)
Will    .....                   (boots unavailable)
Stlth   +.........              (no amulet)
HPRegen 0.91/turn               (no ring)
MPRegen 0.08/turn               (no ring)

@: no status effects
A: large, unfitting armour, claws 3, regeneration 1, shaggy fur 1, tough skin 1
a: Renounce Religion, Fiery Armour, Foxfire Swarm, Rising Flame


You were on level 2 of the Dungeon.
You worshipped Ignis.
Ignis was extremely pleased with you.
You visited 1 branch of the dungeon, and saw 2 of its levels.

You collected 115 gold pieces.

Inventory:

Hand Weapons
 a - a +0 short sword
 f - a +1 short sword of protection (weapon)
 m - a +0 club
Missiles
 c - 5 large rocks (quivered)
 d - 2 throwing nets
Armour
 b - a +0 robe (worn)
Jewellery
 l - a +4 ring of evasion
 n - a ring of see invisible
Scrolls
 e - 3 scrolls of identify {unknown}
 h - 2 scrolls of magic mapping {unknown}
 j - a scroll of blinking {unknown}
Potions
 g - 2 potions of curing {unknown}
 i - a potion of resistance {unknown}
 k - a potion of mutation {unknown}


   Skills:
 + Level 2.2 Fighting
 * Level 0.4 Maces & Flails
 + Level 4.0 Throwing
 + Level 2.2 Dodging
 - Level 0.3 Stealth


You had 2 spell levels left.
You didn't know any spells.
Your spell library was empty.

Dungeon Overview and Level Annotations

Branches:
Dungeon (2/15)

Altars:
Elyvilon
Ignis


Innate Abilities, Weirdness & Mutations

You are too large for most types of armour.
You have claws for hands.
Your natural rate of healing is unusually fast.
You are covered in fur. (AC +1)
You have tough skin. (AC +1)


Message History

The bat hits you but does no damage. x2
The bat barely misses you. The bat closely misses you.
You closely miss the bat. The bat hits you. The bat completely misses you.
The bat barely misses you. The bat hits you.
The bat hits you but does no damage.
You hit the bat.
Your weapon exudes an aura of protection.
You kill the bat!
No target in view!
No target in view!
You enter the shallow water.
Moving in this stuff is going to be slow.
A spectral goblin comes into view.
Found a faded altar of an unknown god.
You enter the shallow water.
Moving in this stuff is going to be slow.
Found a scroll labelled PUUVET GEUJ.
The spectral goblin closely misses you.
You puncture the spectral goblin!
Your weapon exudes an aura of protection.
You destroy the spectral goblin!
You enter the shallow water.
Moving in this stuff is going to be slow.
Found 26 stones.
There is a faded altar of an unknown god here.
You cannot tell which god this altar belongs to.
Convert to them anyway?
Ignis accepts your prayer! Ignis welcomes you!
Are you sure you want to abandon this character and quit the game? (Confirm with "yes".)
Okay, then.
Unknown command.
Press < or > to pray at altars.
Unknown command.
Press < or > to pray at altars.
Unknown command.
Press < or > to pray at altars.
Unknown command.
Press < or > to pray at altars.
Are you sure you want to abandon this character and quit the game? (Confirm with "yes".)

#.########.#...##
#.# #...≈..# #.#
#≈####.### #.#
#≈#8.#≈≈.### ##.#
#.#≈.###≈..# #..#
#≈##?.≈.##.#
###.##
#.≈≈≈≈≈.≈#≈#
..#.# #..#≈.≈≈≈+
# #.#.# #.
#@....+ ....##
#≈≈≈≈≈+ .....#
#≈.≈.≈#
#.##.######
#≈..≈#≈≈.
#.##......#
.≈###≈.(.
..##......###
#8≈# ≈≈..#
####........ ≈##≈
....# ####......#
. #. ..........#


There were no monsters in sight!

Vanquished Creatures
  An adder (D:2)
  A worm (D:2)
  2 dart slugs (D:1)
  4 bats
  3 endoplasms
  3 goblins
  2 hobgoblins
  4 kobolds
  2 quokkas
  3 frilled lizards
  8 rats (D:1)
  A spectral goblin (D:2)
34 creatures vanquished.

Notes
Turn   | Place    | Note
-------+----------+-------------------------------------------
     0 | D:1      | Jerry the Troll Hunter began the quest for the Orb.
     0 | D:1      | Reached XP level 1. HP: 19/19 MP: 0/0
   132 | D:1      | Reached XP level 2. HP: 28/28 MP: 1/1
   584 | D:2      | Reached XP level 3. HP: 35/35 MP: 2/2
   606 | D:2      | Reached skill level 4 in Throwing
   911 | D:2      | Found a white marble altar of Elyvilon.
   999 | D:2      | Found a faded altar of an unknown god.
  1006 | D:2      | Prayed at the altar of an unknown god.
  1006 | D:2      | Became a worshipper of Ignis, the Dying Flame
  1007 | D:2      | Quit the game

Illustrated notes

Levels and vault maps discovered:
D:1:      evilmike_arrival_home_sweet_home, layout_basic, serial_bayou_crossing
D:2:      layout_loops_cross, dreamdust_ecumenical_altar_drowned_temple,
          basic_altar

Skill      XL: |  1  2  3 |
---------------+----------+-----
Dodging        | 2 |  2.2
Fighting       | 2 |  2.2
Throwing       | 4 |  4.0
Maces & Flails | |  0.4
Stealth        | |  0.3

Action                   || total
-------------------------++-------
Melee: Short sword       ||   126
       Punch             ||     2
Throw: Large rock        ||     1
 Stab: Sleeping          ||     1
Armor: Robe              ||    69
Dodge: Dodged            ||    69
